 Dungeon Crawl Stone Soup version 0.28.0-43-g3370ac3207 (webtiles) character file.

Game seed: 6979801746755287758

36195 suse60 the Protected (level 13, -4/96 HPs)
             Began as a Gargoyle Fighter on Mar 22, 2022.
             Was a High Priest of Makhleb.
             Slain by a meliai
             ... wielding the +6 broad axe of the Harvest {flame, *Rage rPois rF+++ Int-4}
              (32 damage)
             ... on level 5 of the Lair of Beasts on Mar 23, 2022.
             The game lasted 02:15:03 (17210 turns).

suse60 the Protected (Gargoyle Fighter)            Turns: 17210, Time: 02:15:05

Health: -4/96      AC: 27    Str: 22    XL:     13   Next: 88%
Magic:  0/13       EV: 13    Int:  8    God:    Makhleb [*****.]
Gold:   1055       SH:  6    Dex: 13    Spells: 12/12 levels left

rFire   + . .      SeeInvis +   l - +6 flail (freeze)
rCold   . . .      Faith    .   c - +0 buckler
rNeg    + . .      Spirit   +   s - +0 swamp dragon scales
rPois   ∞          Reflect  .   f - +0 helmet
rElec   +          Harm     .   e - +1 cloak
rCorr   .          Rampage  .   g - +1 pair of gloves
Will    .....                   (no boots)
Stlth   +.........              h - amulet of guardian spirit
HPRegen 0.26/turn               q - ring of see invisible
MPRegen 0.13/turn               o - ring of protection from fire

@: about to teleport
A: sickness immunity, AC +9, negative energy resistance 1, electricity
resistance, torment resistance 1, petrification resistance, robust 1
a: Renounce Religion, Minor Destruction, Lesser Servant of Makhleb, Major
Destruction, Greater Servant of Makhleb


You were on level 5 of the Lair of Beasts.
You worshipped Makhleb.
Makhleb was extremely pleased with you.
You visited 3 branches of the dungeon, and saw 15 of its levels.
You also visited: Ossuary.

You collected 1207 gold pieces.
You spent 152 gold pieces at shops.

Inventory:

Hand Weapons
 a - a +2 flail of flaming
 l - a +6 flail of freezing (weapon)
Missiles
 b - 17 poisoned darts (quivered)
 i - a curare-tipped dart
 x - a throwing net
Armour
 c - a +0 buckler (worn)
 e - a +1 cloak (worn)
 f - a +0 helmet (worn)
 g - a +1 pair of gloves (worn)
 s - +0 swamp dragon scales (worn)
Jewellery
 h - an amulet of guardian spirit (around neck)
 o - a ring of protection from fire (right hand)
 q - a ring of see invisible (left hand)
Wands
 n - a wand of acid (3)
 p - a wand of iceblast (4)
 v - a wand of flame (13)
Scrolls
 d - 2 scrolls of identify
 r - a scroll of silence
 t - 3 scrolls of fog
 w - a scroll of holy word
 y - 3 scrolls of teleportation
 z - 2 scrolls of fear
Potions
 j - 7 potions of curing
 k - 5 potions of heal wounds
 m - 3 potions of magic
 u - a potion of cancellation


   Skills:
 + Level 13.3 Fighting
 + Level 12.1 Maces & Flails
 + Level 13.3 Armour
 + Level 6.8 Dodging
 - Level 10.1 Shields


You had 12 spell levels left.
You didn't know any spells.
Your spell library contained the following spells:

 Spells                   Type           Power      Damage    Failure   Level
 Apportation              Tloc           0%         N/A       58%         1
 Beastly Appendage        Tmut           0%         N/A       58%         1
 Pain                     Necr           0%         1d4       58%         1
 Wereblood                Tmut           0%         N/A       75%         2
 Call Canine Familiar     Summ           0%         N/A       92%         3
 Conjure Flame            Conj/Fire      0%         6-21      92%         3
 Ignite Poison            Fire/Tmut/Pois 0%         N/A       92%         3
 Portal Projectile        Hex/Tloc       0%         N/A       92%         3
 Spider Form              Tmut/Pois      0%         N/A       92%         3
 Leda's Liquefaction      Hex/Erth       0%         N/A       100%        4
 Sticky Flame             Conj/Fire      0%         2d3       100%        4
 Agony                    Necr           0%         N/A       100%        5
 Alistair's Intoxication  Tmut/Pois      0%         N/A       100%        5
 Excruciating Wounds      Necr           0%         N/A       100%        5


Dungeon Overview and Level Annotations

Branches:
Dungeon (9/15)             Temple (1/1) D:6            Lair (5/6) D:8
 Shoals (0/4) Lair:2       Spider (0/4) Lair:3        Slime (0/5) Lair:5
Ossuary (visited)
    Orc: D:9-12

Altars:
Ashenzari
Cheibriados
Dithmenos
Elyvilon
Fedhas
Gozag
Hepliaklqana
Kikubaaqudgha
Makhleb
Nemelex Xobeh
Okawaru
Qazlal
Ru
Sif Muna
Trog
Uskayaw
Vehumet
Wu Jian
Xom
Yredelemnul
Zin
The Shining One
Jiyva

Shops:
D:2 *   D:4 *!

Annotations:
D:8 3 runed translucent doors, jazmu's ghost, novice GrWn
Lair:5 1 runed translucent door


Innate Abilities, Weirdness & Mutations

You are immune to sickness and miasma.
Your stone body is resilient. (AC +9)
You are immune to poison.
You resist negative energy. (rN+)
You are resistant to electric shocks. (rElec)
You are resistant to unholy torment.
You are immune to petrification.
You are robust. (+10% HP)


Message History

A killer bee comes into view.
You block the killer bee's attack.
You barely miss the killer bee.
The killer bee is severely wounded.
The killer bee barely misses you. The killer bee closely misses you.
The killer bee stings you but does no damage.
The killer bee misses you.
You miss the killer bee.
The killer bee is severely wounded.
The killer bee barely misses you. The killer bee closely misses you.
The killer bee misses you.
You bludgeon the killer bee!! You freeze the killer bee.
You kill the killer bee!
Makhleb accepts your kill.
You feel better. The killer bee stings you.
The meliai hits you but does no damage. You block the meliai's attack.
You barely miss the meliai. The killer bee barely misses you.
You block the meliai's attack.
The meliai stings you but does no damage.
The killer bee misses you.
The meliai goes berserk!
The meliai hits you with the +6 broad axe of the Harvest {flame, *Rage rPois rF+++ Int-4}!
The meliai burns you.
The meliai stings you but does no damage.
You bludgeon the meliai!! You freeze the meliai!
The meliai is severely wounded.
The meliai hits you with the +6 broad axe of the Harvest {flame, *Rage rPois rF+++ Int-4}.
You block the meliai's attack. The killer bee stings you!
The meliai hits you with the +6 broad axe of the Harvest {flame, *Rage rPois rF+++ Int-4}!!
The meliai burns you. The meliai stings you.
A killer bee comes into view.
The killer bee buzzes angrily.
As you read the scroll of teleportation, it crumbles to dust.
You feel strangely unstable.
You hear an angry buzzing noise. x3
The meliai hits you but does no damage.
The meliai stings you but does no damage.
The killer bee stings you.
* * * LOW HITPOINT WARNING * * *
The meliai hits you with the +6 broad axe of the Harvest {flame, *Rage rPois rF+++ Int-4}!!!
You die...

##.......###...
##.....##.###.
#####....#..†.#.
##.###....#..#...
##...##....#..##..
#.....#....####.#.
#.....#.....#.....
#.....#......#....
#@y.)†#...........
#y..y##.#.............
#.... ###.............
#..#. #.............
#.... #.............
## .. #............#
#.# ...#......#†#.# ##
....#....##.####
....#.....##†...


You could see a meliai (berserk) and 2 killer bees.

Vanquished Creatures
  8 hydras
  Harold (D:7)
  9 death yaks
  3 elephants (Lair:5)
  2 black mambas
  9 cane toads
  Maggie (D:8)
  A rime drake (Lair:3)
  9 komodo dragons
  A troll (D:7)
  5 polar bears
  2 meliai
  3 slime creatures (D:9)
  Grinder (D:3)
  51 yaks
  7 wyverns
  A vampire (D:8)
  Grum (D:8)
  2 basilisks (Lair:5)
  Menkaure (D:7)
  2 steam dragons
  11 water moccasins
  Duvessa (D:6)
  3 orc warriors
  An ice beast (D:7)
  2 black bears
  A hornet zombie (D:7)
  2 necrophages
  2 ogres
  10 wolves
  5 centaurs
  3 kobold brigands
  9 bullfrogs
  A scorpion (D:4)
  Dowan (D:6)
  17 killer bees
  3 howler monkeys (D:9)
  8 wights
  An electric eel (Lair:2)
  2 jellies
  3 centaur skeletons
  A gnoll shaman (D:7)
  8 orc priests
  3 hounds
  14 orc wizards
  6 hell rats
  A hound skeleton (D:4)
  8 mummies (Ossuary)
  Robin (D:2)
  4 gnolls (D:7)
  A howler monkey skeleton (D:4)
  5 adders
  4 river rats (D:8)
  A shadow imp (D:7)
  A white imp (D:6)
  An adder skeleton (D:4)
  4 dart slugs
  39 orcs
  5 bats
  11 endoplasms
  3 giant cockroaches (D:1)
  3 gnoll zombies (Ossuary)
  16 goblins
  5 hobgoblins
  5 quokkas
  8 ball pythons
  4 frilled lizards
  A hobgoblin zombie (Ossuary)
  20 kobolds
  4 kobold zombies (Ossuary)
  5 rats
398 creatures vanquished.

Vanquished Creatures (others)
  An orc wizard (D:4)
  17 fungi
  41 plants
59 creatures vanquished.

Grand Total: 457 creatures vanquished

Notes
Turn   | Place    | Note
-------+----------+-------------------------------------------
     0 | D:1      | suse60 the Gargoyle Fighter began the quest for the Orb.
     0 | D:1      | Reached XP level 1. HP: 14/14 MP: 1/1
   328 | D:1      | Reached XP level 2. HP: 19/19 MP: 2/2
   672 | D:1      | Reached XP level 3. HP: 23/23 MP: 3/3
   949 | D:1      | Found a faded altar of an unknown god.
  1331 | D:2      | Noticed Robin
  1339 | D:2      | Killed Robin
  1340 | D:2      | Reached XP level 4. HP: 22/29 MP: 4/4
  1482 | D:3      | Found an opulent altar of Gozag.
  1665 | D:3      | Noticed Grinder
  1669 | D:3      | Paralysed by Grinder for 3 turns
  1710 | D:2      | Found a shimmering altar of Xom.
  2109 | D:2      | Reached XP level 5. HP: 14/33 MP: 5/5
  2291 | D:2      | Found Kopsuusm's General Store.
  2683 | D:4      | Reached XP level 6. HP: 33/39 MP: 6/6
  2826 | D:4      | Found Eseostar's Distillery.
  2826 | D:4      | Found Noiwka's General Store.
  2834 | D:4      | Bought a scroll of identify for 20 gold pieces
  2838 | D:4      | Bought a potion of might for 44 gold pieces
  2838 | D:4      | Bought a potion of heal wounds for 55 gold pieces
  2838 | D:4      | Bought a potion of curing for 33 gold pieces
  3450 | D:4      | Reached skill level 5 in Fighting
  3450 | D:4      | Reached skill level 5 in Armour
  3450 | D:4      | Reached skill level 5 in Shields
  3458 | D:4      | Reached XP level 7. HP: 39/44 MP: 7/7
  4031 | D:3      | Killed Grinder
  4508 | D:3      | Found a blossoming altar of Fedhas.
  5082 | D:5      | Entered Level 5 of the Dungeon
  5082 | D:5      | You fall into a shaft and drop 1 floor!
  5172 | D:5      | Reached XP level 8. HP: 49/51 MP: 8/8
  5543 | D:5      | Reached skill level 5 in Maces & Flails
  6125 | D:6      | Found a stormy altar of Qazlal.
  6535 | D:6      | Noticed Dowan
  6538 | D:6      | Noticed Duvessa
  6550 | D:6      | Killed Duvessa
  6551 | D:6      | Reached XP level 9. HP: 49/57 MP: 7/9
  6552 | D:6      | Killed Dowan
  6710 | D:6      | Found a staircase to the Ecumenical Temple.
  6719 | Temple   | Entered the Ecumenical Temple
  6734 | Temple   | Became a worshipper of Makhleb the Destroyer
  7100 | D:7      | Noticed Menkaure
  7109 | D:7      | Killed Menkaure
  7135 | D:7      | Noticed a troll
  7159 | D:7      | Killed a troll
  7278 | D:7      | Found a sand-covered staircase.
  7285 | Ossuary  | Entered an ossuary
  7340 | Ossuary  | Reached * piety under Makhleb
  7621 | D:7      | Noticed Harold
  7877 | D:7      | Killed Harold
  7885 | D:7      | Reached XP level 10. HP: 49/64 MP: 7/10
  8226 | D:8      | Noticed a death yak
  8227 | D:8      | Noticed a six-headed hydra
  8231 | D:8      | Noticed a death yak
  8660 | D:8      | Killed a six-headed hydra
  9176 | D:8      | Reached ** piety under Makhleb
  9180 | D:8      | Found a runed translucent gate.
  9352 | D:8      | Noticed Maggie
  9396 | D:8      | Killed Maggie
  9416 | D:8      | Gained mutation: You are robust. (+10% HP) [potion of
                  | mutation]
  9474 | D:8      | Noticed a death yak
  9527 | D:8      | Found a staircase to the Lair.
  9735 | D:8      | Found a runed translucent gate.
  9736 | D:8      | Found a runed translucent gate.
  9739 | D:8      | Noticed jazmu's ghost (novice GrWn)
  9960 | D:9      | Reached XP level 11. HP: 58/79 MP: 7/11
 10486 | D:9      | Reached *** piety under Makhleb
 10529 | D:9      | Reached skill level 10 in Armour
 10529 | D:9      | Reached skill level 10 in Shields
 10532 | D:9      | Reached skill level 10 in Fighting
 11008 | D:7      | Killed a death yak
 11075 | D:8      | Identified the +1 leather armour of Owese {rC+ rN+ Will-}
 11158 | D:8      | Found an iron altar of Okawaru.
 11249 | D:8      | Noticed Grum
 11270 | D:8      | Killed Grum
 11542 | Lair:1   | Entered Level 1 of the Lair of Beasts
 11644 | D:8      | Killed a death yak
 11645 | D:8      | Reached skill level 1 in Dodging
 11657 | D:8      | Killed a death yak
 12520 | Lair:1   | Reached XP level 12. HP: 77/86 MP: 9/12
 13452 | Lair:2   | Reached skill level 10 in Maces & Flails
 13462 | Lair:2   | Found a staircase to the Shoals.
 14108 | Lair:3   | Reached **** piety under Makhleb
 14108 | Lair:3   | Noticed an eight-headed hydra
 14121 | Lair:3   | Killed an eight-headed hydra
 14659 | Lair:3   | Noticed an eight-headed hydra
 14676 | Lair:3   | Killed an eight-headed hydra
 14711 | Lair:3   | Reached skill level 5 in Dodging
 14772 | Lair:3   | Found a hole to the Spider Nest.
 15109 | Lair:3   | Reached XP level 13. HP: 94/94 MP: 13/13
 15873 | Lair:4   | Reached ***** piety under Makhleb
 16843 | Lair:5   | Found a runed translucent door.
 16843 | Lair:5   | Noticed an azure jelly
 16844 | Lair:5   | Found a viscous altar of Jiyva.
 16844 | Lair:5   | Found a staircase to the Slime Pits.
 16844 | Lair:5   | Noticed an azure jelly
 16844 | Lair:5   | Noticed an azure jelly
 17195 | Lair:5   | Identified the +6 broad axe of the Harvest {flame, *Rage
                  | rPois rF+++ Int-4}
 17210 | Lair:5   | Slain by a meliai

Illustrated notes

Levels and vault maps discovered:
D:1:      noname_arrival_rooms_in_the_neighbourhood, layout_basic,
          hellmonk_ecumenical_altar_run_dry, serial_bayou_lagoon_b
D:2:      layout_rooms, serial_shops, nicolae_lakefront_shop, basic_altar,
          uniq_robin
D:3:      minmay_skewed_foursquare, layout_loops_ring,
          overflow_temple_1_default, fedhas_altar_fruit_tree, serial_glass,
          glass_columns_a, glass_columns_a, glass_columns_b, glass_columns_a,
          glass_columns_b, glass_columns_b, glass_columns_a, glass_columns_a,
          glass_columns_b, glass_columns_a, feat_on_display,
          due_unseen_surprise, minmay_strange_pillars, item_on_display_a,
          uniq_grinder
D:4:      layout_basic, nicolae_wooded_promenade, minmay_misc_feat_chi
D:5:      layout_basic, kennysheep_generic_room_6
D:6:      layout_basic, grunt_qazlal_sundering, minmay_temple_entry_poolview,
          uniq_duvessa
D:7:      minmay_chambers_of_fours, layout_cave_pools, enter_ossuary_2,
          minmay_misc_feat_iff, uniq_menkaure, uniq_harold
D:8:      layout_rooms, lemuel_coloured_pillars_altar, dpeg_lair_monsters,
          ebering_ghost_rock_garden, uniq_maggie, uniq_grum
D:9:      layout_irregular_city
Temple:   nicolae_temple_no_exploring_needed
Lair:1:   layout_small_grid, serial_bayou_shore_a
Lair:2:   layout_cave_shapes, shoals_dummy_entry, gammafunk_lair_bear_cave
Lair:3:   layout_regular_city, hellmonk_spider_entry_not_the_bees,
          grunt_megastairs_5
Lair:4:   layout_small_grid, st_stairs_12, beast_lair_carwin_10,
          lemuel_fruit_fields
Lair:5:   regret_index_combs_of_tragedy, layout_regular_city, slime_altar_2,
          beast_lair_carwin_1

Skill      XL: |  1  2  3  4  5  6  7  8  9 10 11 12 13 |
---------------+----------------------------------------+-----
Fighting       | 4 5 7 8 9 10 12 13 | 13.3
Armour         | 4 5 7 8 9 11 12 13 | 13.3
Shields        | 4 5 7 8 9 10 | 10.1
Maces & Flails | 3 4 5 7 8 9 11 12 | 12.1
Dodging        | 3 5 6 |  6.8

Action                   |  1- 3 |  4- 6 |  7- 9 | 10-12 | 13-15 || total
-------------------------+-------+-------+-------+-------+-------++-------
Melee: Flail             |   118 |   181 |   435 |   827 |   355 ||  1916
Throw: Dart              |       |       |     9 |    18 |       ||    27
       Throwing net      |       |       |     1 |     7 |       ||     8
Invok: Lesser Servant of |       |       |       |       |     1 ||     1
Evoke: Wand              |       |     6 |    17 |     6 |       ||    29
  Use: Potion            |     1 |     1 |     2 |     5 |       ||     9
       Scroll            |       |     4 |    11 |    16 |     4 ||    35
Armor: Scale mail        |    45 |   105 |   241 |   108 |       ||   499
       Swamp dragon scal |       |       |       |   278 |   164 ||   442
Dodge: Dodged            |    44 |    53 |   170 |   289 |   173 ||   729
Block: Buckler           |    24 |    28 |   120 |   217 |   107 ||   496
